 Dungeon Crawl Stone Soup version 0.28-a0-1038-g9c4cb8273d (webtiles) character file.

Game seed: 2274277578642681582

98 ytrimaz the Scratcher (level 4, -13/19 HPs)
             Began as a Felid Transmuter on Dec 8, 2021.
             Mangled by an ogre (20 damage)
             ... on level 5 of the Dungeon.
             The game lasted 00:04:31 (4172 turns).

ytrimaz the Scratcher (Felid Transmuter)            Turns: 4172, Time: 00:04:31

Health: -13/19     AC:  1    Str:  6    XL:     4   Next: 43%
Magic:  7/9        EV: 17    Int: 18    God:
Gold:   55         SH:  0    Dex: 19    Spells: 5/9 levels left
                                        Lives:  0   Deaths: 1

rFire   + . .      SeeInvis +     - Unarmed
rCold   . . .      Faith    .   (shield unavailable)
rNeg    . . .      Spirit   .   (armour unavailable)
rPois   .          Reflect  .   (helmet unavailable)
rElec   .          Harm     .   (cloak unavailable)
rCorr   .          Rampage  .   (gloves unavailable)
Will    .....                   (boots unavailable)
Stlth   ++........              (no amulet)
HPRegen 0.06/turn               (no ring)
MPRegen 0.11/turn               (no ring)

@: quick
A: very small, claws 1, fangs 3, see invisible, speed 1, shaggy fur 1, stealthy
paws, no weapons or thrown items, no armour, multi-lived, agile 1, clever 1,
fire resistance 1
a: no special abilities


You were on level 5 of the Dungeon.
You visited 1 branch of the dungeon, and saw 4 of its levels.

You collected 55 gold pieces.

Inventory:

Wands
 a - a wand of digging (7)
Scrolls
 b - 4 scrolls of teleportation
 d - a scroll of silence
 e - a scroll of fog
 f - a scroll of noise
Potions
 c - a potion of haste {unknown}
 g - 2 potions of mutation


   Skills:
 * Level 2.2 Fighting
 - Level 2.6 Dodging
 + Level 4.1 Unarmed Combat
 * Level 3.2 Spellcasting
 * Level 3.6 Transmutations


You had 5 spell levels left.
You knew the following spells:

 Your Spells              Type           Power      Damage    Failure   Level
a - Beastly Appendage     Tmut           32%        N/A       3%          1
b - Spider Form           Tmut/Pois      9%         N/A       22%         3

Your spell library contained the following spells:

 Spells                   Type           Power      Damage    Failure   Level
 Wereblood                Tmut           16%        N/A       5%          2
 Slow                     Hex            8%         N/A       16%         1
 Corpse Rot               Necr/Air       4%         N/A       24%         2
 Ensorcelled Hibernation  Hex/Ice        4%         N/A       24%         2
 Poisonous Vapours        Pois/Air       4%         N/A       24%         2
 Confusing Touch          Hex            2%         N/A       43%         3
 Tukima's Dance           Hex            2%         N/A       43%         3
 Ice Form                 Ice/Tmut       9%         N/A       58%         4
 Yara's Violent Unravell  Hex/Tmut       4%         3d4       91%         5


Dungeon Overview and Level Annotations

Branches:
Dungeon (3/15)

Altars:
Gozag


Innate Abilities, Weirdness & Mutations

You have sharp claws.
You have razor-sharp teeth.
You have supernaturally acute eyesight. (SInv)
You cover ground quickly. (Speed+)
You are covered in fur. (AC +1)
Your paws help you pounce on unaware monsters.
You are incapable of wielding weapons or throwing items.
You cannot wear armour.
You gain extra lives every three experience levels.
You are agile. (Dex +2)
Your mind is acute. (Int +2)
Your flesh is heat resistant. (rF+)


Message History

You turn into a venomous arachnid creature.
The water moccasin skeleton misses you. The ogre barely misses you.
The bullfrog zombie barely misses you.
Unknown command.
The bullfrog zombie completely misses you.
Unknown command.
The bullfrog zombie misses you. The water moccasin skeleton bites you.
You die...
Your shape twists and changes as you die.
You are now level 4!
Your transformation has ended.
You rejoin the land of the living...
Unknown command.
An ogre comes into view. It is wielding a +0 giant club.
Found a worn fluorescent wand.
Found a stone staircase leading up.
An iguana comes into view.
The iguana hisses angrily.
The iguana hisses menacingly.
Unknown command.
Casting: Spider Form (potentially lethal; 22% risk of failure)
Confirm with . or Enter, or press ? or * to list all spells.
The spell is potentially lethal to miscast (22% risk of failure)!
Continue anyway?
You turn into a venomous arachnid creature.
Your transformation is almost over.
Unknown command.
The ogre shouts!
You bite the ogre!
The ogre is poisoned.
The ogre is moderately wounded.
Unknown command.
The ogre misses you. The ogre hits you with a +0 giant club!
Ouch! That really hurt!
Unknown command.
There is a stone staircase leading up here.
Your transformation has ended.
The iguana completely misses you.
The water moccasin skeleton completely misses you.
The ogre hits you with a +0 giant club!!
Ouch! That really hurt!
You die...

########
##....Z.#
##....Zl@#
##..O...O/#
#...#######
###.# #.Z#
.######.##
.......Z#
#####..O#
## #..##
...


You could see 2 ogres, an iguana, a bullfrog zombie and a water moccasin
skeleton.

Vanquished Creatures
  A scorpion (D:5)
  Ijyb (D:3)
  A gnoll (D:1)
  2 adders (D:2)
  4 dart slugs
  5 bats
  2 endoplasms
  3 giant cockroaches
  7 hobgoblins
  15 jackals
  A quokka (D:2)
  6 ball pythons
  5 frilled lizards
  6 goblins
  5 kobolds (D:1)
  5 rats
69 creatures vanquished.

Notes
Turn   | Place    | Note
-------+----------+-------------------------------------------
     0 | D:1      | ytrimaz the Felid Transmuter began the quest for the Orb.
     0 | D:1      | Reached XP level 1. HP: 9/9 MP: 4/4
   749 | D:1      | Reached XP level 2. HP: 12/12 MP: 6/6
  1011 | D:1      | Reached XP level 3. HP: 7/15 MP: 5/7
  1025 | D:1      | Learned a level 3 spell: Spider Form
  2339 | D:2      | Reached XP level 4. HP: 14/19 MP: 5/9
  3806 | D:3      | Found an opulent altar of Gozag.
  3811 | D:3      | Noticed Ijyb
  3822 | D:3      | Killed Ijyb
  3823 | D:3      | Reached skill level 4 in Unarmed Combat
  4037 | D:3      | Reached XP level 5. HP: 20/22 MP: 8/10
  4127 | D:3      | You fall into a shaft and drop 2 floors!
  4127 | D:5      | Entered Level 5 of the Dungeon
  4127 | D:5      | Noticed an ogre
  4145 | D:5      | Gained mutation: You are agile. (Dex +2) [potion of
                  | mutation]
  4145 | D:5      | Gained mutation: Your mind is acute. (Int +2) [potion of
                  | mutation]
  4145 | D:5      | Gained mutation: Your flesh is heat resistant. (rF+)
                  | [potion of mutation]
  4153 | D:5      | Slain by a water moccasin skeleton
  4154 | D:5      | Reached XP level 4. HP: 0/19 MP: 6/9
  4155 | D:5      | Noticed an ogre
  4172 | D:5      | Mangled by an ogre

Illustrated notes

Levels and vault maps discovered:
D:1:      eino_arrival_cavern_d, layout_loops_ring
D:2:      layout_basic, kennysheep_donut, minmay_tromino_v4_c
D:3:      layout_loops_corners, nicolae_gozag_seed_capital, uniq_ijyb
D:5:      layout_rooms, nicolae_hepliaklqana_monster_ancestors,
          kennysheep_slug_shrine

Skill      XL: |  1  2  3  4 |
---------------+-------------+-----
Transmutations | 3 |  3.6
Fighting       | 2 |  2.2
Unarmed Combat | 4 |  4.1
Spellcasting   | 3 |  3.2
Dodging        | |  2.6

Action                   |  1- 3 |  4- 6 || total
-------------------------+-------+-------++-------
Melee: Unarmed           |   112 |    78 ||   190
       Headbutt          |    13 |     4 ||    17
       Bite              |     4 |     3 ||     7
       Punch             |     1 |       ||     1
 Cast: Beastly Appendage |    21 |    15 ||    36
       Spider Form       |     1 |     6 ||     7
  Use: Scroll            |     2 |     3 ||     5
       Potion            |       |     1 ||     1
 Stab: Sleeping          |     1 |     1 ||     2
Armor: Skin              |     4 |     3 ||     7
Dodge: Dodged            |    86 |    69 ||   155

Table legend: (Time is in decaauts)
 A = Elapsed time spent in this place.
 B = Non-inter-level travel time spent in this place.
 C = Inter-level travel time spent in this place.
 D = Time resting spent in this place.
 E = Time spent auto-exploring this place.
 F = Levels seen in this place.
 G = Mean time per level.
                   A        B        C        D        E       F      G
               +--------+--------+--------+--------+--------+-----+--------+
         Total |   3776 |   3747 |     29 |      0 |   3268 |   4 |  944.0 |
       Dungeon |   3776 |   3747 |     29 |      0 |   3268 |   4 |  944.0 |
               +--------+--------+--------+--------+--------+-----+--------+

Top non-repeatable levels by time:
     D:2: 1552 daAuts
     D:1: 1498 daAuts
     D:3: 685 daAuts
     D:5: 40 daAuts
